 Dungeon Crawl Stone Soup version 0.31-a0-175-g9f7f995f2b (webtiles) character file.

Game seed: 16717717214017213795

223 qw the Shooter (level 6, -1/56 HPs)
             Began as a Naga Hunter on June 16, 2023.
             Slain by a lemure (4 damage)
             ... led by Pikel
             ... on level 5 of the Dungeon.
             The game lasted 00:01:04 (3507 turns).

qw the Shooter (Naga Hunter)                        Turns: 3507, Time: 00:01:05

Health: -1/56      AC:  3    Str: 13    XL:     6   Next: 0%
Magic:  6/6        EV:  9    Int:  9    God:
Gold:   326        SH:  0    Dex: 17    Spells: 5/5 levels left

rFire   . . .        Y - +1 shortbow
rCold   . . .        (shield currently unavailable)
rNeg    . . .        c - +0 leather armour
rPois   +            (no helmet)
rElec   .            (no cloak)
rCorr   .            (no gloves)
SInv    +            (no barding)
Will    +....        i - amulet of faith
Stlth   ++           d - ring of willpower
HPRegen 0.29/turn    (no ring)
MPRegen 0.10/turn

%: faith
@: short of breath, very slow
A: AC +2, large, see invisible, deformed body, poison resistance, slowness 2,
spit poison 1, naga tail 1
a: Spit Poison


You were on level 5 of the Dungeon.
You visited 1 branch of the dungeon, and saw 5 of its levels.

You collected 326 gold pieces.


Innate Abilities, Weirdness & Mutations

Your serpentine skin is tough. (AC +2)
You have supernaturally acute eyesight. (SInv)
Armour fits poorly on your strangely shaped body.
Your system is resistant to poisons. (rPois)
You cover ground very slowly.
You can spit poison.
You have a snake-like lower body.


   Skills:
 - Level 3.1 Fighting
 + Level 5.9 Ranged Weapons
 - Level 1.5 Dodging
 - Level 1.5 Stealth


You had 5 spell levels left.
You didn't know any spells.
Your spell library was empty.

Inventory:

Hand Weapons
 Y - a +1 shortbow (weapon)
Armour
 c - a +0 leather armour (worn)
Jewellery
 a - the amulet "Bouxodaw" {-Cast Harm Regen+ rCorr}
   (You acquired it on level 3 of the Dungeon)

   [amulet of regeneration]

   -Cast:     It prevents spellcasting.
   Regen:     It increases your rate of health regeneration.
   rCorr:     It protects you from acid and corrosion.
   Harm:      It increases damage dealt and taken.
 d - a ring of willpower (left hand)
 i - an amulet of faith (around neck)
 l - a +6 ring of intelligence
Scrolls
 b - 3 scrolls of identify
 e - a scroll of teleportation
 n - 4 scrolls of enchant armour
Potions
 f - 2 potions of curing
 g - a potion of cancellation
 h - 3 potions of heal wounds
 j - a potion of mutation
 k - 2 potions of resistance

Dungeon Overview and Level Annotations

Branches:
Dungeon (5/15)
 Temple: D:4-7

Altars:

Annotations:
D:4 3 runed translucent doors, qw's ghost, amateur GrHu
D:5 Pikel


Message History

You have got your breath back.
The lemure hits you! The lemure hits you.
A lemure comes into view. x2
3501 ||| INVOKING Spit Poison.
Aiming: Spit Poison (1% risk of failure)
Press: ? - help, Shift-Dir - straight line, f/p - lemure The splash of poison hits the lemure.
The lemure looks even sicker.
The lemure is almost dead.
The lemure shouts! x2
The lemure hits you.
You shoot an arrow.
The arrow hits the lemure but does no damage.
The lemure is almost dead.
The lemure barely misses you. The lemure closely misses you.
You shoot an arrow. The arrow completely misses the lemure.
The arrow hits Pikel.
Pikel is lightly wounded.
You kill the lemure!
That felt strangely unrewarding.
The lemure hits you.
You shoot an arrow. The arrow hits Pikel!
Pikel is moderately wounded.
Pikel says, "You'll feel the lick of my whip!"
Pikel closely misses you. The lemure hits you but does no damage.
You shoot an arrow. The arrow closely misses Pikel.
The arrow hits the lemure!
The lemure is moderately wounded.
Pikel hits you with a +1 whip of flaming.
Pikel burns you. The lemure barely misses you.
You shoot an arrow. The arrow hits Pikel.
Pikel is heavily wounded.
You have got your breath back.
Pikel hits you with a +1 whip of flaming.
Pikel burns you.
3507 ||| INVOKING Spit Poison.
Aiming: Spit Poison (1% risk of failure)
Press: ? - help, Shift-Dir - straight line, f/p - Pikel The splash of poison misses Pikel.
The lemure hits you.
Pikel hits you with a +1 whip of flaming!
Pikel burns you. The lemure hits you! The lemure hits you.
You die...

*,*,**,,,,,,,,,,,,,,,** #
*,*,*,,,**#...,,,,,,,,**####
*,***,*** #..#***,,,,,,,....
******,* *,* #..###*,****######
*,,,,*,* *,* #....,,,.,,,......
*,**,*,***,*** #...###.#**#######
*,**,*,*~,,,~###........,.,..#..#
*,**,*,*~,,,~#<5K5..##.#.###.#..#
*,**,*,*~,,,~###@5..##.#.....#..#
*,*,,*,*~,,,~#......##...........
*,*,**,*~,,,~##.....##.#.###....>
*,*,**,*~,,,~*#.#.#.##.#.###.#..#
*,*,****~,,,~##.#......#........#
*,*,*,,*~,,,~#...##..........#.##
*,*,,,,***,**#...................
*,*,*,** *,* ###.....######..#.##
*,*,*,* *_* #..#########..#.##


You could see Pikel and 3 lemures.

Vanquished Creatures
  A lemure (D:5)
  A jelly (D:4)
  A hound (D:5)
  A sleepcap (D:4)
  An orc wizard (D:4)
  4 adders
  4 dart slugs
  3 orcs
  6 endoplasms
  A giant cockroach (D:4)
  4 hobgoblins
  5 quokkas
  5 ball pythons
  6 bats
  7 frilled lizards
  9 goblins
  5 kobolds
  3 rats (D:1)
67 creatures vanquished.

Notes
Turn   | Place    | Note
-------+----------+-------------------------------------------
     0 | D:1      | qw the Naga Hunter began the quest for the Orb.
     0 | D:1      | Reached XP level 1. HP: 19/19 MP: 1/1
     0 | D:1      | 0 ||| qw: Version: 0.2-a-29-g511e9b1
     0 | D:1      | 0 ||| qw: Game counter: 5
     0 | D:1      | 0 ||| qw: Always use a shield: true
     0 | D:1      | 0 ||| qw: God list: Okawaru
     0 | D:1      | 0 ||| qw: Allow faded altars: false
     0 | D:1      | 0 ||| qw: Do Orc after D:15 true
     0 | D:1      | 0 ||| qw: Do second Lair branch before Depths: true
     0 | D:1      | 0 ||| qw: Lair rune preference: random
     0 | D:1      | 0 ||| qw: Plans: Normal
     0 | D:1      | 0 ||| PLANNING D:1-11
     9 | D:1      | 9 ||| INVOKING Spit Poison.
    41 | D:1      | 41 ||| INVOKING Spit Poison.
    55 | D:1      | 55 ||| INVOKING Spit Poison.
    77 | D:1      | 77 ||| INVOKING Spit Poison.
   179 | D:1      | 179 ||| FLEEEEING.
   180 | D:1      | 180 ||| FLEEEEING.
   182 | D:1      | 182 ||| FLEEEEING.
   183 | D:1      | 183 ||| FLEEEEING.
   184 | D:1      | 184 ||| FLEEEEING.
   185 | D:1      | 185 ||| FLEEEEING.
   189 | D:1      | 189 ||| INVOKING Spit Poison.
   207 | D:1      | Reached skill level 4 in Ranged Weapons
   207 | D:1      | Reached XP level 2. HP: 26/26 MP: 2/2
   209 | D:1      | 209 ||| INVOKING Spit Poison.
   213 | D:1      | 213 ||| INVOKING Spit Poison.
   317 | D:1      | 317 ||| INVOKING Spit Poison.
   345 | D:1      | 345 ||| INVOKING Spit Poison.
   350 | D:1      | 350 ||| INVOKING Spit Poison.
   415 | D:1      | 415 ||| READING scroll labelled ZOUTSE OTIKHLO.
   416 | D:1      | 416 ||| READING scroll labelled DEADWO KETWUPS.
   417 | D:1      | 417 ||| READING scroll labelled FALUSCHUELE.
   418 | D:1      | 418 ||| READING scroll labelled GUAGRATWAI.
   419 | D:1      | 419 ||| DRINKING 3 silvery potions.
   420 | D:1      | 420 ||| DROPPING scroll of butterflies.
   542 | D:2      | 542 ||| INVOKING Spit Poison.
   560 | D:2      | 560 ||| INVOKING Spit Poison.
   563 | D:2      | Reached XP level 3. HP: 32/32 MP: 3/3
   573 | D:2      | 573 ||| INVOKING Spit Poison.
   722 | D:2      | 722 ||| INVOKING Spit Poison.
   746 | D:2      | 746 ||| INVOKING Spit Poison.
   752 | D:2      | 752 ||| INVOKING Spit Poison.
   759 | D:2      | 759 ||| INVOKING Spit Poison.
   869 | D:2      | 869 ||| INVOKING Spit Poison.
   898 | D:2      | 898 ||| INVOKING Spit Poison.
   987 | D:2      | 987 ||| INVOKING Spit Poison.
   994 | D:2      | 994 ||| INVOKING Spit Poison.
  1008 | D:2      | 1008 ||| INVOKING Spit Poison.
  1013 | D:2      | 1013 ||| INVOKING Spit Poison.
  1018 | D:2      | 1018 ||| INVOKING Spit Poison.
  1037 | D:2      | Found a faded altar of an unknown god.
  1071 | D:2      | 1071 ||| INVOKING Spit Poison.
  1092 | D:2      | 1092 ||| INVOKING Spit Poison.
  1237 | D:2      | 1237 ||| READING 4 scrolls labelled YXEEFO ROIWK.
  1238 | D:2      | 1238 ||| READING scroll labelled RIJUID TEXUMP.
  1239 | D:2      | 1239 ||| READING scroll labelled SYQEBRODED.
  1242 | D:2      | 1242 ||| DRINKING 2 fuming golden potions.
  1243 | D:2      | 1243 ||| DRINKING 2 bubbling purple potions.
  1244 | D:2      | 1244 ||| READING 2 scrolls of identify.
  1244 | D:2      | 1244 ||| IDENTIFYING bubbling brown potion
  1245 | D:2      | 1245 ||| DROPPING 3 scrolls of immolation.
  1246 | D:2      | 1246 ||| DROPPING potion of degeneration.
  1380 | D:3      | 1380 ||| INVOKING Spit Poison.
  1383 | D:3      | 1383 ||| INVOKING Spit Poison.
  1386 | D:3      | Reached skill level 5 in Ranged Weapons
  1386 | D:3      | Reached XP level 4. HP: 28/39 MP: 4/4
  1852 | D:3      | You fall into a shaft and drop 2 floors!
  1852 | D:5      | Entered Level 5 of the Dungeon
  1853 | D:5      | 1853 ||| UPGRADING to amulet of faith.
  1858 | D:5      | 1858 ||| UPGRADING to ring of willpower.
  1859 | D:5      | 1859 ||| READING scroll labelled USHRAY GAMAU.
  1860 | D:5      | 1860 ||| READING scroll labelled GIOTUM YQUA.
  1861 | D:5      | 1861 ||| READING 2 scrolls of identify.
  1861 | D:5      | 1861 ||| IDENTIFYING viscous white potion
  1865 | D:5      | 1865 ||| STAIRDANCE
  1916 | D:3      | 1916 ||| INVOKING Spit Poison.
  2014 | D:3      | 2014 ||| READING scroll labelled YBAMAX ZAUPE.
  2014 | D:3      | Identified a scroll of acquirement
  2014 | D:3      | 2014 ||| ACQUIRING amulet "Bouxodaw" {-Cast Harm Regen+
                  | rCorr}
  2014 | D:3      | Acquired the amulet "Bouxodaw" {-Cast Harm Regen+ rCorr}
  2016 | D:3      | 2016 ||| READING 2 scrolls of identify.
  2016 | D:3      | 2016 ||| IDENTIFYING metallic silvery potion
  2023 | D:4      | 2023 ||| INVOKING Spit Poison.
  2037 | D:4      | 2037 ||| INVOKING Spit Poison.
  2367 | D:4      | 2367 ||| INVOKING Spit Poison.
  2490 | D:4      | Found a runed translucent gate.
  2490 | D:4      | Found a runed translucent gate.
  2490 | D:4      | Found a runed translucent gate.
  2490 | D:4      | Noticed qw's ghost (amateur GrHu)
  2580 | D:4      | 2580 ||| INVOKING Spit Poison.
  2587 | D:4      | HP: 6/40 [acid (7)]
  2588 | D:4      | 2588 ||| READING scroll of teleportation.
  2589 | D:4      | 2589 ||| DRINKING 5 potions of heal wounds.
  2591 | D:4      | 2591 ||| DRINKING 4 potions of heal wounds.
  2593 | D:4      | Reached skill level 3 in Fighting
  2949 | D:4      | Reached XP level 5. HP: 42/49 MP: 5/5
  2982 | D:4      | 2982 ||| INVOKING Spit Poison.
  2986 | D:4      | 2986 ||| INVOKING Spit Poison.
  3025 | D:4      | 3025 ||| INVOKING Spit Poison.
  3054 | D:4      | 3054 ||| INVOKING Spit Poison.
  3066 | D:4      | 3066 ||| INVOKING Spit Poison.
  3116 | D:4      | 3116 ||| READING scroll labelled TUPEAPP SYOLLI.
  3198 | D:4      | 3198 ||| READING scroll labelled HUMOXZ UM TUGG.
  3199 | D:4      | 3199 ||| READING 3 scrolls of identify.
  3199 | D:4      | 3199 ||| IDENTIFYING fuming blue potion
  3200 | D:4      | 3200 ||| DROPPING potion of magic.
  3225 | D:5      | 3225 ||| INVOKING Spit Poison.
  3228 | D:5      | 3228 ||| INVOKING Spit Poison.
  3344 | D:5      | 3344 ||| INVOKING Spit Poison.
  3349 | D:5      | 3349 ||| INVOKING Spit Poison.
  3353 | D:5      | 3353 ||| INVOKING Spit Poison.
  3354 | D:5      | Reached XP level 6. HP: 49/56 MP: 6/6
  3496 | D:5      | 3496 ||| INVOKING Spit Poison.
  3498 | D:5      | Noticed Pikel
  3501 | D:5      | 3501 ||| INVOKING Spit Poison.
  3507 | D:5      | 3507 ||| INVOKING Spit Poison.
  3507 | D:5      | HP: 12/56 [Pikel/+1 whip of flaming (3)]
  3507 | D:5      | HP: 3/56 [lemure[Pikel] (9)]
  3507 | D:5      | Slain by a lemure

Levels and vault maps discovered:
D:1:      dpeg_arrival_long_road, layout_rooms, minmay_tall_x
D:2:      layout_basic, dreamdust_ecumenical_altar_statues, minmay_lizard_king
D:3:      layout_basic, serial_bayou_pond_a
D:4:      minmay_chambers_of_twos, layout_basic, ebering_ghost_rock_garden
D:5:      layout_basic, lemuel_zombie_altar_kikubaaqudgha, uniq_pikel

Skill      XL: |  1  2  3  4 |
---------------+-------------+-----
Ranged Weapons | 4 5 |  5.9
Fighting       | 3 |  3.1
Dodging        | |  1.5
Stealth        | |  1.5

Action                     |  1- 3 |  4- 6 || total
---------------------------+-------+-------++-------
   Fire: Shortbow          |    62 |    66 ||   128
Ability: Spit Poison       |    28 |    18 ||    46
    Use: Scroll            |     8 |     9 ||    17
         Potion            |     3 |     2 ||     5
 Armour: Leather armour    |     7 |     5 ||    12
  Dodge: Dodged            |    13 |    17 ||    30

Table legend:
 A = Non-vault XP
 B = Vault XP
 C = Vault XP percentage of total XP
 D = Non-vault monster count
 E = Vault monster count
 F = Vault count percentage of total count
                 A         B        C        D         E       F
            +---------+---------+-------+---------+---------+-------
      Total |     206 |     113 |  35.4 |      48 |      18 |  27.3
            +---------+---------+-------+---------+---------+-------
        D:1 |      23 |       6 |  20.7 |      14 |       4 |  22.2
        D:2 |      41 |       6 |  12.8 |      17 |       6 |  26.1
        D:3 |      24 |       0 |   0.0 |       5 |       0 |   0.0
        D:4 |      62 |     101 |  62.0 |      10 |       8 |  44.4
        D:5 |      56 |       0 |   0.0 |       2 |       0 |   0.0
            +---------+---------+-------+---------+---------+-------
